[Event "Titled Tuesday Blitz November 14 Early 2023"]
[White "only_strong_moves"]
[Black "Kamsky, Gata"]
[BlackFideId "2000024"]
[WhiteElo "2504"]
[BlackElo "2896"]
[Result "0-1"]
[Round "1"]
[TimeControl "180+1"]
[Date "2023.11.14"]
[WhiteClock "0:00:00"]
[BlackClock "0:01:13"]
[Board "47"]

1. d4 f5 2. c4 Nf6 3. Nc3 e6 4. g3 Bb4 5. Bg2 O-O 6. Qb3 a5 7. d5 e5 8. d6 cxd6 9. Bd2 Nc6 10. Nb5 Bxd2+ 11. Kxd2 a4 12. Qd3 Qa5+ 13. Qc3 Qb6 14. e3 d5 15. Ne2 dxc4 16. Qxc4+ d5 17. Bxd5+ Kh8 18. Ke1 Na5 19. Qb4 Bd7 20. Bc4 Nxc4 0-1


[Site "https://www.chess.com"]

[Event "Titled Tuesday Blitz November 14 Early 2023"]
[White "Shohat, Yotam"]
[Black "Alekseenko, Kirill"]
[WhiteFideId "2813955"]
[BlackFideId "4135539"]
[WhiteElo "2502"]
[BlackElo "2892"]
[Result "0-1"]
[Round "1"]
[TimeControl "180+1"]
[Date "2023.11.14"]
[WhiteClock "0:00:01"]
[BlackClock "0:00:24"]
[Board "49"]

1. e4 c5 2. Nf3 Nc6 3. d4 cxd4 4. Nxd4 Nf6 5. Nc3 d6 6. Bc4 Qb6 7. Nb3 e6 8. O-O Be7 9. a4 O-O 10. a5 Qc7 11. f4 Bd7 12. Be3 Rfe8 13. Kh1 Bf8 14. Be2 Rad8 15. Bf3 g6 16. a6 b6 17. Nb5 Qb8 18. c4 Nb4 19. Bd2 d5 20. e5 Ne4 21. Bxe4 dxe4 22. Qe2 Bc6 23. Bc3 Nd3 24. N3d4 Ba8 25. Nd6 Bxd6 26. exd6 Qxd6 27. Nb5 Qc5 28. Nxa7 e3 29. Nb5 Nf2+ 30. Kg1 Qc6 31. Rxf2 exf2+ 32. Qxf2 Rd3 33. Nd4 Qxc4 34. Nf3 Red8 35. h3 Bxf3 36. gxf3 Qxf4 37. a7 Ra8 38. Qe2 Rxf3 39. Be5 Qg5+ 40. Kh2 Re3 41. Qg2 Qxe5+ 0-1


[Site "https://www.chess.com"]

[Event "Titled Tuesday Blitz November 14 Early 2023"]
[White "Salinas Herrera, Pablo"]
[Black "Gatterer, Florian"]
[WhiteFideId "3407128"]
[BlackFideId "811688"]
[WhiteElo "2891"]
[BlackElo "2502"]
[Result "1-0"]
[Round "1"]
[TimeControl "180+1"]
[Date "2023.11.14"]
[WhiteClock "0:00:33"]
[BlackClock "0:00:00"]
[Board "50"]

1. d4 Nf6 2. Nf3 g6 3. Nbd2 d5 4. e3 Bg7 5. b4 a5 6. b5 a4 7. Ba3 O-O 8. c4 c6 9. bxc6 bxc6 10. Be2 Re8 11. O-O Bf5 12. Ne5 Nfd7 13. Ndf3 Nxe5 14. Nxe5 Bxe5 15. dxe5 Qc7 16. cxd5 Qxe5 17. dxc6 Nxc6 18. Bf3 Be4 19. Bxe4 Qxe4 20. Rc1 Ne5 21. Qc2 Qg4 22. f3 Qe6 23. Bb2 f6 24. Bd4 Kf7 25. Rb1 Rec8 26. Qe2 Nc6 27. Ba1 Ne5 28. h3 Rc4 29. f4 Nd7 30. f5 Qe4 31. fxg6+ hxg6 32. Rbd1 Rc2 33. Rd2 Rxd2 34. Qxd2 Ne5 35. Bd4 Rc8 36. Rf2 Rc4 37. Qe2 Rc6 38. Kh2 Qb1 39. Bxe5 1-0


[Site "https://www.chess.com"]

[Event "Titled Tuesday Blitz November 14 Early 2023"]
[White "Srdanovic, Jovana"]
[Black "Steinberg, Nitzan"]
[WhiteFideId "954810"]
[BlackFideId "2801795"]
[WhiteElo "2502"]
[BlackElo "2884"]
[Result "0-1"]
[Round "1"]
[TimeControl "180+1"]
[Date "2023.11.14"]
[WhiteClock "0:01:15"]
[BlackClock "0:01:45"]
[Board "51"]

1. d4 Nf6 2. c4 g6 3. Nc3 Bg7 4. e4 d6 5. Be2 c5 6. d5 a6 7. Be3 O-O 8. h3 b5 9. cxb5 axb5 10. Bxb5 Nxe4 11. Nxe4 Qa5+ 12. Nc3 Bxc3+ 13. bxc3 Qxb5 14. Ne2 Ba6 15. h4 Nd7 16. h5 Ne5 17. hxg6 fxg6 18. f3 Rf5 19. Rh4 Rxf3 20. c4 Qb4+ 21. Qd2 Rxe3 0-1


[Site "https://www.chess.com"]

[Event "Titled Tuesday Blitz November 14 Early 2023"]
[White "Henriquez Villagra, Cristobal"]
[Black "a-z30"]
[WhiteFideId "3409350"]
[WhiteElo "2880"]
[BlackElo "2501"]
[Result "1-0"]
[Round "1"]
[TimeControl "180+1"]
[Date "2023.11.14"]
[WhiteClock "0:00:08"]
[BlackClock "0:00:05"]
[Board "52"]

1. e4 d6 2. d4 Nf6 3. Nc3 g6 4. g3 Bg7 5. Bg2 O-O 6. Nge2 Nbd7 7. O-O Rb8 8. a4 c5 9. d5 b6 10. Re1 a6 11. h3 b5 12. a5 Ne8 13. Nb1 Nc7 14. Nf4 b4 15. Ra2 Nb5 16. Nd2 Nd4 17. Ne2 Nxe2+ 18. Rxe2 Rb5 19. Nc4 Ne5 20. Nb6 Nd7 21. Nxc8 Qxc8 22. Bg5 Re8 23. Re1 Qc7 24. Bf1 Rxa5 25. Qa1 Rxa2 26. Qxa2 a5 27. Bb5 h6 28. Bf4 Ra8 29. Bc6 Ra7 30. b3 Kh7 31. Qb1 Ne5 32. Bxe5 Bxe5 33. Qd1 c4 34. Kg2 Qb6 35. f4 Bc3 36. Rf1 cxb3 37. cxb3 Qd4 38. Qf3 Qd2+ 39. Rf2 Qc1 40. h4 Bd4 41. Rf1 Qd2+ 42. Kh3 Qc3 43. Qd1 a4 44. Bxa4 Rxa4 45. bxa4 b3 46. Qc1 Qb4 47. Qb1 Qxa4 48. h5 Kg7 49. hxg6 fxg6 50. Qd3 b2 51. Rb1 Qb4 52. Kg2 h5 53. Kf3 Qc3 54. Qxc3 Bxc3 55. g4 hxg4+ 56. Kxg4 Kf6 57. Kf3 g5 58. fxg5+ Kxg5 59. Ke3 Kf6 60. Rf1+ Kg6 61. Kd3 Be5 62. Kc2 Bf6 63. Rf3 Be5 64. Rb3 Bf6 65. Rb7 Kf7 66. Kd3 Be5 67. Rb5 Bf6 68. Ke3 Be5 69. Kf3 Kf6 70. Ke3 Kg5 71. Rb7 Kf6 72. Kd3 Kf7 73. Kc2 Kf6 74. Kb1 Kf7 75. Kc2 Bf6 76. Kb1 Kg6 77. e5 dxe5 78. Kxb2 Kf5 79. Kc3 Kf4 80. Kc4 e4 81. Rb1 Kf3 82. Rf1+ Ke2 83. Rf4 e3 84. d6 exd6 85. Rxf6 Kd2 86. Rxd6+ Ke1 87. Kd3 Kf2 88. Rf6+ 1-0


[Site "https://www.chess.com"]

[Event "Titled Tuesday Blitz November 14 Early 2023"]
[White "Toktomushev, Teimur"]
[Black "Riehle, Marco"]
[WhiteFideId "14176726"]
[BlackFideId "12904392"]
[WhiteElo "2500"]
[BlackElo "2879"]
[Result "0-1"]
[Round "1"]
[TimeControl "180+1"]
[Date "2023.11.14"]
[WhiteClock "0:00:00"]
[BlackClock "0:01:40"]
[Board "53"]

1. d4 d5 2. c4 e6 3. Nc3 c5 4. cxd5 cxd4 5. Qxd4 Nc6 6. Qd1 exd5 7. e3 Nf6 8. Nf3 Bg4 9. Be2 Bd6 10. O-O O-O 11. h3 Bh5 12. b3 Rc8 13. Bb2 Bb8 14. Nb5 a6 15. Nbd4 Qd6 16. Nxc6 bxc6 17. Be5 Qe7 18. Bxb8 Rxb8 19. Nd4 Bxe2 20. Qxe2 Qb7 21. Rfc1 Rfc8 22. b4 a5 23. a3 Ne4 24. bxa5 c5 25. Nf5 g6 26. Qg4 c4 27. Kh2 Nxf2 28. Qf4 Nd3 29. Nh6+ Kg7 30. Qg5 Qc7+ 31. g3 Qe5 32. Qxe5+ Nxe5 33. Rd1 Rb2+ 34. Kh1 Nf3 35. Ng4 h5 0-1


[Site "https://www.chess.com"]

[Event "Titled Tuesday Blitz November 14 Early 2023"]
[White "Bachmann, Axel"]
[Black "Sokac, Marko"]
[WhiteFideId "3700488"]
[BlackFideId "14531356"]
[WhiteElo "2876"]
[BlackElo "2500"]
[Result "1-0"]
[Round "1"]
[TimeControl "180+1"]
[Date "2023.11.14"]
[WhiteClock "0:01:31"]
[BlackClock "0:00:21"]
[Board "54"]

1. Nf3 e6 2. g3 g5 3. e4 g4 4. Ne5 h5 5. d4 Bg7 6. Be3 d6 7. Nd3 b6 8. Bg2 Bb7 9. Nd2 Nd7 10. f3 f5 11. Qe2 Qe7 12. Nf4 Nf8 13. O-O-O O-O-O 14. Rhe1 Nf6 15. exf5 exf5 16. fxg4 hxg4 17. Bxb7+ Kxb7 18. Qg2+ Kb8 19. d5 Qf7 20. Bd4 Bh6 21. Kb1 Bxf4 22. gxf4 Rh3 23. Bxf6 Qxf6 24. Nb3 Ng6 25. Nd4 Nxf4 26. Qf1 1-0


[Site "https://www.chess.com"]

[Event "Titled Tuesday Blitz November 14 Early 2023"]
[White "Sadovsky, Artem"]
[Black "AlmasRakhmatullaev"]
[WhiteFideId "4155840"]
[WhiteElo "2499"]
[BlackElo "2875"]
[Result "0-1"]
[Round "1"]
[TimeControl "180+1"]
[Date "2023.11.14"]
[WhiteClock "0:00:00"]
[BlackClock "0:00:03"]
[Board "55"]

1. Nf3 d5 2. e3 g6 3. c4 c6 4. b3 Bg7 5. Nc3 Nf6 6. Bb2 O-O 7. Be2 Nbd7 8. d4 e6 9. O-O b6 10. Qc2 Bb7 11. Rad1 Rc8 12. Qb1 Qc7 13. e4 dxe4 14. Nxe4 Nxe4 15. Qxe4 c5 16. Qh4 Rfd8 17. Rd2 h5 18. Rfd1 Bf6 19. Qh3 Nf8 20. dxc5 Rxd2 21. Rxd2 Bxb2 22. Rxb2 Qf4 23. Rb1 bxc5 24. Qg3 Qe4 25. Re1 Qc2 26. Ne5 Qd2 27. f4 Qxa2 28. Bxh5 Kg7 29. Bf3 Qxb3 30. Bxb7 Qxb7 31. Ng4 Qd7 32. Qh4 Qd4+ 33. Kh1 Qxf4 34. h3 a5 35. g3 Qf3+ 36. Kh2 Qc3 37. Re2 f5 38. Qh6+ Kg8 39. Ne5 Rd8 40. Nxg6 Qf6 0-1


[Site "https://www.chess.com"]

[Event "Titled Tuesday Blitz November 14 Early 2023"]
[White "Klukin, Kirill"]
[Black "Keleberda, Tymur"]
[WhiteFideId "24199273"]
[BlackFideId "14174294"]
[WhiteElo "2865"]
[BlackElo "2495"]
[Result "1-0"]
[Round "1"]
[TimeControl "180+1"]
[Date "2023.11.14"]
[WhiteClock "0:00:13"]
[BlackClock "0:00:03"]
[Board "56"]

1. d4 Nf6 2. Nf3 e6 3. e3 b6 4. Bd3 Bb7 5. O-O d5 6. b3 Nbd7 7. Bb2 c5 8. Nbd2 Qc7 9. Qe2 Be7 10. e4 dxe4 11. Nxe4 Nxe4 12. Bxe4 O-O 13. Rad1 Bf6 14. c4 cxd4 15. Nxd4 Bxe4 16. Qxe4 Nc5 17. Qe2 a5 18. Nb5 Qe7 19. Bxf6 Qxf6 20. Rd6 Rab8 21. Rfd1 g6 22. g3 h5 23. h4 Rfc8 24. Qe3 Kg7 25. Nc3 Rb7 26. Nd5 Qb2 27. Nxb6 Rcc7 28. Qf4 Qxa2 29. Qd4+ Kh7 30. Rd8 f6 31. Qxf6 Rg7 32. Qf8 g5 33. hxg5 Kg6 34. Qf6+ Kh7 35. Qh6# 1-0


[Site "https://www.chess.com"]

[Event "Titled Tuesday Blitz November 14 Early 2023"]
[White "Guliev, Logman"]
[Black "Madaminov, Mukhiddin"]
[WhiteFideId "13400061"]
[BlackFideId "14210703"]
[WhiteElo "2493"]
[BlackElo "2863"]
[Result "0-1"]
[Round "1"]
[TimeControl "180+1"]
[Date "2023.11.14"]
[WhiteClock "0:01:18"]
[BlackClock "0:02:06"]
[Board "57"]

1. e4 e5 2. Nf3 Nc6 3. Bb5 a6 4. Ba4 Nf6 5. O-O Nxe4 6. d4 b5 7. Bb3 d5 8. dxe5 Be6 9. Be3 Be7 10. c3 O-O 11. Nbd2 Bg4 12. Nxe4 dxe4 13. Qd5 Qxd5 14. Bxd5 exf3 15. Bxc6 fxg2 16. Kxg2 Rab8 17. f3 Be6 18. Rfd1 f6 19. exf6 Rxf6 20. Be4 Bd6 21. Rd2 Bf5 22. Bd5+ Be6 23. Be4 Re8 24. a4 Bf5 25. Bd5+ Be6 26. Be4 Bf5 27. Bd5+ Kf8 28. Kf2 Bd7 29. axb5 axb5 30. Kg2 Rxe3 0-1


[Site "https://www.chess.com"]

[Event "Titled Tuesday Blitz November 14 Early 2023"]
[White "Boruchovsky, Avital"]
[Black "Zomorrodian, Eilia"]
[WhiteFideId "2800055"]
[BlackFideId "12551805"]
[WhiteElo "2857"]
[BlackElo "2489"]
[Result "1-0"]
[Round "1"]
[TimeControl "180+1"]
[Date "2023.11.14"]
[WhiteClock "0:01:00"]
[BlackClock "0:00:04"]
[Board "58"]

1. c4 Nf6 2. Nc3 g6 3. e4 d6 4. d4 Bg7 5. Be3 O-O 6. Be2 c5 7. Nf3 Nc6 8. d5 Na5 9. O-O Bg4 10. Nd2 Bxe2 11. Qxe2 a6 12. Rab1 e6 13. a3 exd5 14. exd5 Nd7 15. Nce4 b5 16. cxb5 axb5 17. Nxd6 b4 18. N2e4 Nb3 19. axb4 cxb4 20. Qc4 Na5 21. Qxb4 Rb8 22. Qa4 f5 23. Ng5 f4 24. Ne6 Qe7 25. Bxf4 Rxf4 26. Qxf4 Be5 27. Qa4 Qxd6 28. f4 Qb6+ 29. Kh1 Bf6 30. Qxd7 Rb7 31. Qe8# 1-0


[Site "https://www.chess.com"]

[Event "Titled Tuesday Blitz November 14 Early 2023"]
[White "Urbina Perez, Juan Antonio"]
[Black "BardArtem"]
[WhiteFideId "2217368"]
[WhiteElo "2486"]
[BlackElo "2851"]
[Result "0-1"]
[Round "1"]
[TimeControl "180+1"]
[Date "2023.11.14"]
[WhiteClock "0:00:35"]
[BlackClock "0:00:07"]
[Board "59"]

1. d4 d5 2. c4 e6 3. Nf3 Nf6 4. g3 dxc4 5. Bg2 Nbd7 6. O-O c6 7. Qc2 b5 8. Nbd2 Bb7 9. b3 cxb3 10. Nxb3 Be7 11. Bg5 O-O 12. Ne5 Nxe5 13. dxe5 Nd7 14. Bxe7 Qxe7 15. Rac1 Nxe5 16. Qc5 Qxc5 17. Nxc5 Rab8 18. f4 Nc4 19. Nd7 Rbd8 20. Nxf8 Kxf8 21. Rc3 Rd2 22. Rb1 Ba8 23. Rxc4 bxc4 24. Rb8+ Ke7 25. Rxa8 c3 26. Rxa7+ Kf6 27. Be4 Rxe2 28. Bd3 Rd2 29. Be4 c2 30. Bxc2 Rxc2 31. a4 Ra2 32. Rc7 Rxa4 33. Rxc6 Kf5 34. Rc7 Kg4 35. Rc5 g6 36. Rc7 f5 37. Rb7 h5 38. Rb6 Re4 39. Kg2 Re2+ 40. Kg1 Kf3 41. Rb3+ Re3 42. Rb1 h4 43. Rf1+ Kg4 44. Kg2 hxg3 45. hxg3 Rxg3+ 46. Kh2 Rf3 47. Rg1+ Kxf4 48. Rxg6 e5 49. Kg2 Rb3 50. Rb6 Rxb6 0-1


[Site "https://www.chess.com"]

[Event "Titled Tuesday Blitz November 14 Early 2023"]
[White "mind1mover"]
[Black "topce"]
[WhiteElo "2851"]
[BlackElo "2484"]
[Result "0-1"]
[Round "1"]
[TimeControl "180+1"]
[Date "2023.11.14"]
[WhiteClock "0:00:10"]
[BlackClock "0:00:56"]
[Board "60"]

1. Nf3 c5 2. b3 Nc6 3. Bb2 Nf6 4. e3 g6 5. Bb5 Bg7 6. Bxc6 bxc6 7. O-O d6 8. d3 O-O 9. h3 e5 10. a3 a5 11. Nfd2 Nh5 12. a4 f5 13. Na3 f4 14. Nac4 Ra7 15. Bc3 Raf7 16. Bxa5 Qe7 17. Nf3 Be6 18. e4 h6 19. b4 cxb4 20. Bxb4 c5 21. Bc3 Nf6 22. Ncxe5 dxe5 23. Nxe5 Nh5 24. Nxg6 Qg5 25. Nxf8 Bxh3 26. g3 Bxc3 27. Qc1 Nxg3 0-1


[Site "https://www.chess.com"]

[Event "Titled Tuesday Blitz November 14 Early 2023"]
[White "Pourkashiyan, Atousa"]
[Black "Timofeev, Artyom"]
[WhiteFideId "12502014"]
[BlackFideId "4140419"]
[WhiteElo "2481"]
[BlackElo "2848"]
[Result "1-0"]
[Round "1"]
[TimeControl "180+1"]
[Date "2023.11.14"]
[WhiteClock "0:00:04"]
[BlackClock "0:00:23"]
[Board "61"]

1. e4 c6 2. d4 d5 3. exd5 cxd5 4. Bd3 Nc6 5. c3 Nf6 6. Ne2 g6 7. O-O Bg7 8. Bg5 O-O 9. Nd2 h6 10. Bh4 Bf5 11. Bxf5 gxf5 12. Nf4 Qd6 13. Nh5 Nxh5 14. Qxh5 Qg6 15. Qf3 e6 16. Bg3 Kh7 17. Qf4 Bf6 18. Nf3 Rg8 19. Qc7 Rg7 20. Qxb7 Rag8 21. Qxc6 f4 22. Rae1 fxg3 23. fxg3 h5 24. Rf2 Qg4 25. Qc7 h4 26. Nxh4 Bxh4 27. gxh4 Qxh4 28. Re3 f5 29. Qe5 f4 30. Ref3 Rg4 31. Qxe6 R8g5 32. Qe7+ Kh6 33. Qf6+ Kh7 34. Qe7+ Kh6 35. Re2 Qh5 36. Re6+ Rg6 37. Qf8+ Kh7 38. Re7+ Rg7 39. Rxg7+ Rxg7 40. Qxf4 Qg6 41. Qf5 Qxf5 42. Rxf5 Rb7 43. b4 Rc7 44. Rf3 Kg6 45. Kf2 a5 46. a3 a4 47. Rg3+ Kf5 48. Rf3+ Ke4 49. Re3+ Kf4 50. g3+ Kg4 51. Kg2 Kf5 52. Kf3 Kf6 53. h4 Kg6 54. g4 Rf7+ 55. Kg3 Rf1 56. h5+ Kg5 57. Re5+ Kh6 58. Rxd5 Ra1 59. Rd6+ Kh7 60. g5 Rxa3 61. Kf4 Rxc3 62. Rd7+ Kg8 63. Ra7 a3 64. Kf5 Rb3 65. d5 Rxb4 66. Rxa3 Rb6 67. Ra8+ Kg7 68. Ra7+ Kg8 69. g6 Rd6 70. Kg5 Rxd5+ 71. Kh6 Rd8 72. Rg7+ Kh8 73. Rf7 Kg8 74. Rf5 Rd1 75. Ra5 Rd8 76. Kg5 Rc8 77. h6 Rd8 78. Re5 Rb8 79. Kf6 Rb6+ 80. Re6 Rb8 81. h7+ Kh8 82. Kg5 Rb5+ 83. Kh6 Rh5+ 84. Kxh5 Kg7 85. Re7+ Kf6 86. Re8 Kf5 87. h8=Q 1-0


[Site "https://www.chess.com"]

[Event "Titled Tuesday Blitz November 14 Early 2023"]
[White "Yanchenko, Roman"]
[Black "Garagulya, Konstantin"]
[WhiteFideId "4137329"]
[BlackFideId "4128931"]
[WhiteElo "2848"]
[BlackElo "2481"]
[Result "1/2-1/2"]
[Round "1"]
[TimeControl "180+1"]
[Date "2023.11.14"]
[WhiteClock "0:00:04"]
[BlackClock "0:00:12"]
[Board "62"]

1. d4 Nf6 2. Nf3 e6 3. Bf4 c5 4. e3 Qb6 5. Nc3 a6 6. Rb1 d5 7. Be2 Nc6 8. O-O Qd8 9. h3 Bd6 10. dxc5 Bxc5 11. Na4 Be7 12. b3 b5 13. Nb2 Ne4 14. Ra1 b4 15. Nd4 Bb7 16. Nxc6 Bxc6 17. Bf3 Nc3 18. Qd2 O-O 19. a3 a5 20. Nd3 Bb5 21. axb4 axb4 22. Be5 Qb6 23. Rfe1 Rxa1 24. Rxa1 Rc8 25. Nxb4 Bxb4 26. Bxc3 Be7 27. Bd4 Qc7 28. Ra7 Qd8 29. Be2 Bxe2 30. Qxe2 Bc5 31. Bxc5 Rxc5 32. Qa6 Rc8 33. c4 dxc4 34. bxc4 h5 35. Qb7 Qf8 36. Qe4 Qc5 37. Ra8 Rxa8 38. Qxa8+ Kh7 39. Qe4+ g6 40. h4 Kg8 41. g3 Qb4 42. Qd4 Qe1+ 43. Kg2 Qb4 44. c5 Qb5 45. Qd6 Qb1 46. Qd8+ Kg7 47. Qd4+ Kg8 48. c6 Qc2 49. Qd8+ Kg7 50. c7 Qe4+ 51. Kg1 Qb1+ 52. Kh2 Qc2 53. Kg2 Qe4+ 54. Kf1 Qb1+ 55. Ke2 Qc2+ 56. Kf3 Qf5+ 57. Kg2 Qe4+ 1/2-1/2


[Site "https://www.chess.com"]

[Event "Titled Tuesday Blitz November 14 Early 2023"]
[White "Morgunov, Marc"]
[Black "Beerdsen, Thomas"]
[WhiteFideId "1640305"]
[BlackFideId "1030108"]
[WhiteElo "2481"]
[BlackElo "2848"]
[Result "0-1"]
[Round "1"]
[TimeControl "180+1"]
[Date "2023.11.14"]
[WhiteClock "0:01:52"]
[BlackClock "0:02:29"]
[Board "63"]

1. e4 e5 2. Nf3 Nc6 3. Bb5 f5 4. Nc3 fxe4 5. Nxe4 Nf6 6. Nxf6+ Qxf6 7. O-O Be7 8. Re1 O-O 9. Bxc6 dxc6 10. h3 Bxh3 11. gxh3 Qxf3 12. Qxf3 Rxf3 13. Rxe5 Bh4 14. Re2 Raf8 15. d3 Bxf2+ 16. Kg2 Bc5 0-1


[Site "https://www.chess.com"]

[Event "Titled Tuesday Blitz November 14 Early 2023"]
[White "Mikaelyan, Arman"]
[Black "Dudzinski, Pawel"]
[WhiteFideId "13304852"]
[BlackFideId "1117890"]
[WhiteElo "2839"]
[BlackElo "2481"]
[Result "1-0"]
[Round "1"]
[TimeControl "180+1"]
[Date "2023.11.14"]
[WhiteClock "0:00:15"]
[BlackClock "0:00:00"]
[Board "64"]

1. d4 Nf6 2. c4 e6 3. Nf3 Bb4+ 4. Bd2 Be7 5. Nc3 b6 6. e4 Bb7 7. e5 Ne4 8. Bd3 Nxd2 9. Qxd2 d5 10. cxd5 Bxd5 11. Nxd5 exd5 12. O-O O-O 13. Qc2 h6 14. Rad1 c5 15. dxc5 bxc5 16. Bh7+ Kh8 17. Be4 Nc6 18. Bxd5 Nb4 19. Qc4 Nxd5 20. Rxd5 Qb6 21. Rd7 Rae8 22. b3 a5 23. Rfd1 g5 24. Qg4 Qg6 25. Nd2 Rd8 26. Nc4 Rxd7 27. Qxd7 Rd8 28. Qg4 Rxd1+ 29. Qxd1 Kg7 30. h3 Qe4 31. Qd2 a4 32. Kh2 axb3 33. axb3 f6 34. f3 Qf5 35. exf6+ Bxf6 36. Qd6 Bd4 37. Qe7+ Kg6 38. Qe8+ Kg7 39. Qe7+ Kg6 40. Qd6+ Kg7 41. Kg3 h5 42. f4 gxf4+ 43. Qxf4 Qd3+ 44. Qf3 Qg6+ 45. Kh2 Qg5 46. Qe4 Kh6 47. Qe6+ Qg6 48. Qxg6+ Kxg6 49. Kg3 Kf5 50. Kf3 h4 51. Nd2 c4 52. Nxc4 Bc5 53. Ne3+ Kg5 54. Ke4 Bd6 55. Nd5 Bc5 56. b4 Ba7 57. b5 Bb8 58. b6 Kg6 59. Nb4 1-0


[Site "https://www.chess.com"]

[Event "Titled Tuesday Blitz November 14 Early 2023"]
[White "ploxoi"]
[Black "Weetik, Vjacheslav"]
[BlackFideId "4153472"]
[WhiteElo "2480"]
[BlackElo "2839"]
[Result "0-1"]
[Round "1"]
[TimeControl "180+1"]
[Date "2023.11.14"]
[WhiteClock "0:00:25"]
[BlackClock "0:01:24"]
[Board "65"]

1. d4 Nf6 2. c4 g6 3. Nc3 Bg7 4. e4 d6 5. Nf3 O-O 6. Be2 e5 7. d5 a5 8. Be3 Ng4 9. Bg5 f6 10. Bh4 g5 11. Bg3 Nh6 12. Nd2 Na6 13. a3 Bd7 14. Qc2 Nc5 15. b3 f5 16. f3 g4 17. fxg4 f4 18. Bf2 Nxg4 19. Bxg4 Bxg4 20. Nf3 Qe8 21. Ke2 Qh5 22. b4 Nd7 23. h3 Bxf3+ 24. gxf3 axb4 25. axb4 Rxa1 26. Rxa1 Qxh3 27. Ra7 Qg2 28. Rxb7 Nf6 29. Qd3 Nh5 30. Ke1 Ng3 31. Nd1 Ra8 32. Ra7 Rxa7 33. Bxa7 h5 34. c5 h4 35. cxd6 cxd6 36. Nf2 h3 37. b5 h2 38. b6 Qg1+ 39. Kd2 Qxf2+ 0-1


[Site "https://www.chess.com"]

[Event "Titled Tuesday Blitz November 14 Early 2023"]
[White "Hafiz, Arif Abdul"]
[Black "Ahn, Hongjin"]
[WhiteFideId "7104227"]
[BlackFideId "13201492"]
[WhiteElo "2835"]
[BlackElo "2478"]
[Result "1-0"]
[Round "1"]
[TimeControl "180+1"]
[Date "2023.11.14"]
[WhiteClock "0:00:14"]
[BlackClock "0:00:01"]
[Board "66"]

1. e4 c5 2. Nc3 e6 3. f4 Nc6 4. Nf3 d5 5. Bb5 dxe4 6. Bxc6+ bxc6 7. Nxe4 Be7 8. d3 Nf6 9. Qe2 Rb8 10. b3 Nd5 11. Bd2 O-O 12. O-O h6 13. Rae1 f5 14. Ng3 Bf6 15. Ne5 Qe8 16. c4 Nb4 17. Bc3 a5 18. Nh5 Bh4 19. Rd1 a4 20. Nxg7 Kxg7 21. Nd7+ Kh7 22. Nxb8 Bb7 23. a3 Qxb8 24. axb4 cxb4 25. Bxb4 c5 26. Bxc5 Rg8 27. g3 Qc8 28. d4 Qc6 29. Kf2 axb3 30. Ke1 Bf6 31. Rb1 Qa4 32. Qd3 Be4 33. Qxb3 Qa5+ 34. Qb4 Qa2 35. Rb2 Qa1+ 36. Kf2 Qa6 37. Qb5 Qa8 38. Qd7+ Kg6 39. Qxe6 Re8 40. Qd6 Bg2 41. d5 Bxf1 42. Bd4 Rf8 43. Kxf1 Qa1+ 44. Kg2 Rf7 45. Bxf6 Rxf6 46. Qe5 Qd1 47. Qe2 Qd4 48. Rd2 Qc5 49. Qd3 Rd6 50. g4 Rf6 51. d6 Qc6+ 52. Qd5 Qa4 53. Qg8# 1-0


[Site "https://www.chess.com"]

[Event "Titled Tuesday Blitz November 14 Early 2023"]
[White "Kanyamarala, Tarun"]
[Black "Mikhailovsky, Vladimir"]
[WhiteFideId "45004714"]
[BlackFideId "34105414"]
[WhiteElo "2478"]
[BlackElo "2833"]
[Result "0-1"]
[Round "1"]
[TimeControl "180+1"]
[Date "2023.11.14"]
[WhiteClock "0:00:06"]
[BlackClock "0:00:09"]
[Board "67"]

1. d4 d6 2. e4 Nf6 3. Nc3 Nbd7 4. Nf3 e5 5. Bc4 Be7 6. O-O O-O 7. a4 a5 8. h3 c6 9. Ba2 Qc7 10. Re1 Nb6 11. Be3 Nfd7 12. Qd2 exd4 13. Nxd4 Nc5 14. b3 Bf6 15. f3 Rd8 16. Bf4 Be5 17. Rad1 Ne6 18. Nxe6 Bxe6 19. Kh1 Nd7 20. Bb1 Nf6 21. Ne2 Nh5 22. Bxe5 dxe5 23. Qg5 g6 24. c4 f6 25. Qh6 Qe7 26. g4 Ng7 27. h4 Qc5 28. Kg2 Qa3 29. Bc2 Qb2 30. Qc1 Qxc1 31. Nxc1 Bf7 32. Nd3 Ne6 33. Rd2 Rd7 34. Bd1 Rad8 35. Re3 Rxd3 36. Rexd3 Rxd3 37. Rxd3 Nf4+ 38. Kf2 Nxd3+ 39. Ke3 Nb4 40. Be2 Kf8 41. Kd2 g5 42. h5 h6 43. Kc3 b6 44. Bf1 Ke7 45. Be2 Kd6 46. Bf1 Kc5 47. Be2 Be8 48. Bf1 b5 49. Be2 bxa4 50. bxa4 Na6 51. Bf1 Kb6 52. Be2 Nc5 53. Bd1 Ne6 54. Bc2 Kc5 55. Bd1 Nd4 0-1


[Site "https://www.chess.com"]

[Event "Titled Tuesday Blitz November 14 Early 2023"]
[White "Bordi, Kevin"]
[Black "Grochal, Joey"]
[WhiteFideId "621862"]
[BlackFideId "1019945"]
[WhiteElo "2832"]
[BlackElo "2478"]
[Result "1-0"]
[Round "1"]
[TimeControl "180+1"]
[Date "2023.11.14"]
[WhiteClock "0:00:18"]
[BlackClock "0:00:03"]
[Board "68"]

1. d4 Nf6 2. Bg5 Ne4 3. Bh4 c5 4. f3 Nf6 5. dxc5 Qa5+ 6. c3 Qxc5 7. e4 d6 8. Nd2 Be6 9. Nb3 Qc7 10. Nd4 Bd7 11. Nge2 Nc6 12. Nf4 Nxd4 13. Qxd4 Bc6 14. Nd5 Bxd5 15. exd5 a6 16. Bd3 g6 17. Bxf6 exf6 18. Qxf6 Qe7+ 19. Qxe7+ Kxe7 20. Kf2 Bh6 21. g3 Kd7 22. f4 Rhe8 23. a4 Re7 24. Rhe1 Rae8 25. Rxe7+ Rxe7 26. Ra3 f5 27. b4 Bg7 28. h3 Re8 29. g4 fxg4 30. hxg4 Rc8 31. c4 Bd4+ 32. Kf3 Re8 33. Be4 b6 34. Ra2 Bc3 35. Rh2 Re7 36. f5 Bxb4 37. fxg6 hxg6 38. Bxg6 Bc5 39. Bf5+ Kc7 40. g5 Bd4 41. Be6 Bg7 42. Kg4 Be5 43. Rh1 Rg7 44. Kf5 Re7 45. g6 Rg7 46. Bf7 Bc3 47. Ke6 Bd4 48. Rf1 Bc3 49. Rf5 Bd4 50. Ke7 Bc3 51. Rf6 Be5 52. Re6 Bd4 53. Kf8 Bc3 54. Re7+ Kd8 55. Ra7 a5 56. Rb7 Bd4 57. Re7 Bc3 58. Re8+ Kc7 59. Re4 Kd7 60. Rh4 Bd4 61. Rxd4 1-0


[Site "https://www.chess.com"]

[Event "Titled Tuesday Blitz November 14 Early 2023"]
[White "Kovalevsky, Stanislav"]
[Black "Szpar, Milosz"]
[WhiteFideId "13508598"]
[BlackFideId "1184989"]
[WhiteElo "2477"]
[BlackElo "2831"]
[Result "1-0"]
[Round "1"]
[TimeControl "180+1"]
[Date "2023.11.14"]
[WhiteClock "0:00:11"]
[BlackClock "0:00:00"]
[Board "69"]

1. e4 c5 2. c3 d5 3. exd5 Qxd5 4. Nf3 Nf6 5. d4 Nc6 6. Be3 cxd4 7. cxd4 e6 8. Nc3 Qa5 9. a3 Bd6 10. Bd3 O-O 11. O-O a6 12. Qe2 b5 13. Ne4 Be7 14. Nxf6+ Bxf6 15. Bxh7+ Kxh7 16. Qc2+ Kg8 17. Qxc6 Rb8 18. Ne5 Bb7 19. Qc2 Rbc8 20. Qe2 Rfd8 21. Rac1 b4 22. Rxc8 Rxc8 23. axb4 Qxb4 24. Nd7 Bxd4 25. Qg4 Bc5 26. Nf6+ Kf8 27. Bxc5+ Qxc5 28. Nd7+ Ke7 29. Nxc5 Rxc5 30. Qb4 Kd6 31. Rc1 1-0


[Site "https://www.chess.com"]

[Event "Titled Tuesday Blitz November 14 Early 2023"]
[White "Kozak, Antoni"]
[Black "Pinero Rodriguez, Carlos Jose"]
[WhiteFideId "21832030"]
[BlackFideId "3901726"]
[WhiteElo "2827"]
[BlackElo "2475"]
[Result "1-0"]
[Round "1"]
[TimeControl "180+1"]
[Date "2023.11.14"]
[WhiteClock "0:01:37"]
[BlackClock "0:01:49"]
[Board "70"]

1. e4 c5 2. Nf3 e6 3. Nc3 a6 4. g3 Nc6 5. Bg2 d6 6. O-O Bd7 7. d4 cxd4 8. Nxd4 Be7 9. Be3 Nf6 10. Nb3 O-O 11. a4 Na5 12. Qd3 Rc8 13. Nxa5 Qxa5 14. Rfd1 Ng4 15. Bd4 Ne5 16. Qe2 Qb4 17. Bxe5 dxe5 18. Rxd7 Qxb2 19. Rb1 Qxc3 20. Rxe7 1-0


[Site "https://www.chess.com"]